 Dungeon Crawl Stone Soup version 0.23.0-3-gf3c87f2df8 (webtiles) character file.

Game seed: 11687320232632464426

696 McKennaii the Shield-Bearer (level 7, -1/48 HPs)
             Began as a Gargoyle Fighter on Feb 24, 2019.
             Killed from afar by Dowan (10 damage)
             ... with a wand of flame (19)
             ... on level 4 of the Dungeon.
             The game lasted 00:06:44 (2853 turns).

McKennaii the Shield-Bearer (Gargoyle Fighter)      Turns: 2853, Time: 00:06:45

Health: -1/48      AC: 13    Str: 23    XL:     7   Next: 64%
Magic:  7/7        EV:  8    Int:  9    God:
Gold:   138        SH: 10    Dex:  9    Spells: 6/6 levels left

rFire    . . .     SeeInvis .   a - +0 flail
rCold    . . .     Gourm    .   c - +0 shield
rNeg     + . .     Faith    .   b - +0 scale mail
rPois    ∞         Spirit   .   (no helmet)
rElec    +         Reflect  .   (no cloak)
rCorr    .         Harm     .   (no gloves)
MR       .....                  (no boots)
Stlth    ..........             (no amulet)
HPRegen  0.16/turn              (no ring)
MPRegen  0.10/turn              (no ring)

@: no status effects
A: rugged brown scales 1, negative energy resistance 1, robust 1, electricity
resistance, strong 1, unbreathing, petrification resistance, rot immunity, AC +4
a: no special abilities


You were on level 4 of the Dungeon.
You were very hungry.

You visited 1 branch of the dungeon, and saw 4 of its levels.

You collected 138 gold pieces.

Inventory:

Hand Weapons
 a - a +0 flail (weapon)
Armour
 b - a +0 scale mail (worn)
 c - a +0 shield (worn)
Scrolls
 e - a scroll of remove curse {unknown}
 h - 2 scrolls of fear {unknown}
 j - a scroll of identify {unknown}
 k - 2 scrolls of teleportation {unknown}
 l - a scroll of blinking {unknown}
 q - a scroll of magic mapping {unknown}
Potions
 d - a potion of might
 g - a potion of lignification
 m - a potion of curing {unknown}
 n - a potion of degeneration {unknown}
 o - a potion of flight {unknown}
 p - a potion of invisibility {unknown}
Comestibles
 f - 5 rations


   Skills:
 + Level 4.0 Fighting
 + Level 4.8 Maces & Flails
 + Level 5.4 Armour
 + Level 2.0 Dodging
 + Level 0.1 Stealth
 + Level 5.5 Shields


You had 6 spell levels left.
You didn't know any spells.
Your spell library was empty.

Dungeon Overview and Level Annotations

Branches:
Dungeon (4/15)
 Temple: D:4-7

Altars:

Annotations:
D:2 1 runed translucent door, Crazy Yiuf
D:4 Dowan


Innate Abilities, Weirdness & Mutations

You are resistant to torment.
Your stone body is resilient. (AC +4)
You are immune to poison.
You resist negative energy. (rN+)
You are resistant to electric shocks. (rElec)
You can survive without breathing.
You are immune to petrification.
You are immune to rotting.
You are partially covered in rugged brown scales. (AC +1, +3% HP)
You are robust. (+10% HP)
Your muscles are strong. (Str +2)


Message History

You feel stronger.
You feel robust.
Rugged brown scales grow over part of your body.
You hit Dowan but do no damage.
Dowan is moderately wounded.
You block Dowan's attack. x2
You hit Dowan.
Dowan is heavily wounded.
Dowan zaps a wand.
The puff of flame hits you.
* * * LOW HITPOINT WARNING * * *
You block Dowan's attack.
You hit Dowan.
Dowan is heavily wounded.
Dowan hits you but does no damage.
You hit Dowan.
Dowan is severely wounded.
Dowan hits you but does no damage. Dowan closely misses you.
You closely miss Dowan.
Dowan is severely wounded.
Dowan zaps a wand.
The puff of flame hits you!
You die...

## #.# . #.#
#.# .# #)#.#
#.# .#
#.#.######.#
.#
#.......##.#
.#
###.###.##.#
.# #.#
#.##.# .#
#.# #.##.#
.# #.#
#.##@# .#
#.# #.##e#
.###### #.#
#..).#
......###.#
######
..........#
.####.#####
.# #.# >#
#.# #####.#


You could see Dowan.

Vanquished Creatures
  Duvessa (D:4)
  2 phantoms (D:4)
  A howler monkey (D:4)
  A centaur zombie (D:3)
  2 orc priests
  2 hounds (D:4)
  A jelly (D:3)
  4 orc wizards
  A worker ant zombie (D:3)
  3 adders
  An ooze (D:3)
  2 adder zombies (D:3)
  An adder skeleton (D:3)
  A worm (D:2)
  A dart slug (D:1)
  2 leopard geckos
  8 orcs
  A bat (D:2)
  2 giant cockroaches
  5 hobgoblins
  A ball python (D:2)
  5 frilled lizards
  6 goblins
  3 jackal skeletons
  6 kobolds
  A leopard gecko skeleton (D:3)
  2 quokka skeletons (D:3)
  5 rats
71 creatures vanquished.

Notes
Turn   | Place    | Note
-------+----------+-------------------------------------------
     0 | D:1      | McKennaii the Gargoyle Fighter began the quest for the Orb.
     0 | D:1      | Reached XP level 1. HP: 14/14 MP: 1/1
    91 | D:1      | Reached XP level 2. HP: 17/19 MP: 2/2
   534 | D:2      | Found a runed translucent door.
   535 | D:2      | Noticed Crazy Yiuf
   664 | D:2      | Reached XP level 3. HP: 23/23 MP: 3/3
  1327 | D:3      | Reached XP level 4. HP: 15/28 MP: 4/4
  1566 | D:3      | Reached XP level 5. HP: 23/32 MP: 5/5
  1627 | D:3      | Reached skill level 1 in Dodging
  2081 | D:4      | Reached skill level 5 in Shields
  2081 | D:4      | Reached XP level 6. HP: 33/38 MP: 6/6
  2313 | D:4      | Noticed a phantom
  2368 | D:4      | Killed a phantom
  2368 | D:4      | Reached skill level 5 in Armour
  2368 | D:4      | Reached XP level 7. HP: 19/42 MP: 7/7
  2821 | D:4      | Noticed Duvessa
  2823 | D:4      | Noticed Dowan
  2836 | D:4      | Killed Duvessa
  2848 | D:4      | Gained mutation: Your muscles are strong. (Str +2) [potion
                  | of mutation]
  2848 | D:4      | Gained mutation: You are robust. (+10% HP) [potion of
                  | mutation]
  2848 | D:4      | Gained mutation: You are partially covered in rugged brown
                  | scales. (AC +1, +3% HP) [potion of mutation]
  2853 | D:4      | Killed from afar by Dowan

Skill      XL: |  1  2  3  4  5  6  7 |
---------------+----------------------+-----
Armour         | 4 5 |  5.4
Shields        | 4 5 |  5.5
Maces & Flails | 3 4 |  4.8
Dodging        | 1 2 |  2.0
Fighting       | 4 |  4.0
Stealth        | |  0.1

Action                   |  1- 3 |  4- 6 |  7- 9 || total
-------------------------+-------+-------+-------++-------
Melee: Flail             |   157 |   214 |    65 ||   436
  Use: Potion            |       |     3 |     1 ||     4
  Eat: Chunk             |       |     5 |     1 ||     6
Armor: Scale mail        |    72 |   107 |    23 ||   202
       Skin              |       |    45 |       ||    45
Dodge: Dodged            |    42 |    60 |    19 ||   121
Block: Shield            |    73 |    99 |    30 ||   202
